TOP OF THE 1ST |
Santa Fe Diablos batting - Pitching for Montgomery Biscuits : LHP Trevor Nichols
|
Pitching: LHP Trevor Nichols
|
|
Batting: RHB Richard Wilkins
|
0-0: SINGLE (Line Drive, 8LS)
|
Batting: SHB António Hernández
|
0-0: Ball Wild Pitch! Richard Wilkins to second 1-0: Ball 2-0: TRIPLE (Line Drive, 9LS) Richard Wilkins scores
|
Batting: RHB Robinson Pacheco
|
0-0: Ball 1-0: Foul Ball, location: 2F 1-1: Called Strike 1-2: Fly out, F2 (Popup, 2LF)
|
Batting: RHB Wallace Greene
|
0-0: Ground out 6-3 (Groundball, 6M) António Hernández scores
|
Batting: RHB Júlio López
|
0-0: Ball 1-0: DOUBLE (Groundball, 5L)
|
Batting: LHB Roberto Sandoval
|
0-0: Ball 1-0: Ball 2-0: SINGLE (Line Drive, 9S) Júlio López to third Runner from 3rd tries for Home, SAFE, no throw or cutoff
|
Batting: RHB Ánibal Gonzáles
|
0-0: Called Strike 0-1: Ground out 6-3 (Groundball, 6)
|
Top of the 1st over - 3 run(s), 4 hit(s), 0 error(s), 1 left on base; Santa Fe 3 - Montgomery 0 |
BOTTOM OF THE 1ST |
Montgomery Biscuits batting - Pitching for Santa Fe Diablos : LHP Sean Perry
|
Pitching: LHP Sean Perry
|
|
Batting: RHB Gabriel Miranda
|
0-0: Called Strike 0-1: Ball 1-1: Ball 2-1: Ground out 6-3 (Groundball, 6)
|
Batting: LHB John Haney
|
0-0: Called Strike 0-1: Foul Ball, location: 2F 0-2: Strikes out looking
|
Batting: SHB Andrew Curran
|
0-0: Called Strike 0-1: Ball 1-1: DOUBLE (Line Drive, 5D)
|
Batting: RHB Pete Smith
|
0-0: Ball 1-0: Ball 2-0: Ground out 4-3 (Groundball, 4M)
|
Bottom of the 1st over - 0 run(s), 1 hit(s), 0 error(s), 1 left on base; Santa Fe 3 - Montgomery 0 |
TOP OF THE 2ND |
Santa Fe Diablos batting - Pitching for Montgomery Biscuits : LHP Trevor Nichols
|
Batting: LHB Don Soper
|
0-0: SINGLE (Groundball, 5D)
|
Batting: RHB John Dinkins
|
0-0: Called Strike 0-1: Ball 1-1: SINGLE (Groundball, 4MD) Don Soper to second
|
Batting: RHB Richard Wilkins
|
0-0: Ball 1-0: Ball 2-0: Fly out, F9 (Flyball, 9S)
|
Batting: SHB António Hernández
|
0-0: Ball 1-0: Called Strike 1-1: Ball 2-1: Foul Ball, location: 2F 2-2: Ball 3-2: Foul Ball, location: 2F 3-2: Base on Balls Don Soper to third John Dinkins to second
|
Batting: RHB Robinson Pacheco
|
0-0: Ball 1-0: Ball 2-0: Ball 3-0: Base on Balls Don Soper scores John Dinkins to third António Hernández to second
|
Batting: RHB Wallace Greene
|
0-0: Called Strike 0-1: Foul Ball, location: 2F 0-2: Fly out, F2 (Popup, 2LF)
|
Batting: RHB Júlio López
|
0-0: Swinging Strike 0-1: SINGLE (Groundball, 6D) John Dinkins scores António Hernández to third Robinson Pacheco to second Runner from 3rd tries for Home, SAFE, no throw or cutoff
|
Batting: LHB Roberto Sandoval
|
0-0: Ball 1-0: Ball 2-0: Ball 3-0: Called Strike 3-1: Called Strike 3-2: Fly out, F7 (Flyball, 78S)
|
Top of the 2nd over - 3 run(s), 3 hit(s), 0 error(s), 2 left on base; Santa Fe 6 - Montgomery 0 |
BOTTOM OF THE 2ND |
Montgomery Biscuits batting - Pitching for Santa Fe Diablos : LHP Sean Perry
|
Batting: RHB Jean-Paul St-Pierre
|
0-0: Called Strike 0-1: Called Strike 0-2: Strikes out swinging
|
Batting: RHB Dave Dawson
|
0-0: Ball 1-0: DOUBLE (Line Drive, 7LD)
|
Batting: RHB Alan Blair
|
0-0: Foul Ball, location: 2F 0-1: Ground out 5-3 (Groundball, 5S) Dave Dawson to third
|
Batting: RHB Larry Mitchell
|
0-0: Called Strike 0-1: Ball 1-1: Ball 2-1: Foul Ball, location: 2F 2-2: Foul Ball, location: 2F 2-2: Ball 3-2: Base on Balls
|
Batting: RHB Collin Smith
|
0-0: Ball 1-0: Ball 2-0: Foul Ball, location: 2F 2-1: Ball 3-1: Base on Balls Larry Mitchell to second
|
Batting: RHB Gabriel Miranda
|
0-0: Ball 1-0: Foul Ball, location: 2F 1-1: Ball 2-1: Ground out 4-3 (Groundball, 4)
|
Bottom of the 2nd over - 0 run(s), 1 hit(s), 0 error(s), 3 left on base; Santa Fe 6 - Montgomery 0 |
TOP OF THE 3RD |
Santa Fe Diablos batting - Pitching for Montgomery Biscuits : LHP Trevor Nichols
|
Batting: RHB Ánibal Gonzáles
|
0-0: Ball 1-0: Ball 2-0: Ball 3-0: Base on Balls
|
Batting: LHB Don Soper
|
0-0: Ball 1-0: Foul Ball, location: 2F 1-1: Ball 2-1: Ball 3-1: Base on Balls Ánibal Gonzáles to second
|
Batting: RHB John Dinkins
|
0-0: SINGLE (Line Drive, 9LS) Ánibal Gonzáles to third Don Soper to second Runner from 3rd tries for Home, SAFE, no throw or cutoff
|
Batting: RHB Richard Wilkins
|
0-0: Called Strike 0-1: Ball 1-1: Foul Ball, location: 2F 1-2: Ball 2-2: Fly out, F8 (Flyball, 8RM)
|
Batting: SHB António Hernández
|
0-0: Called Strike 0-1: Hit by Pitch Don Soper to third John Dinkins to second
|
Batting: RHB Robinson Pacheco
|
0-0: Called Strike 0-1: Ball 1-1: Ball 2-1: Foul Ball, location: 2F 2-2: SINGLE (Flyball, 9S) Don Soper scores John Dinkins to third António Hernández to second Runner from 3rd tries for Home, SAFE, no throw or cutoff
|
Pitching: LHP Steve Billington
|
|
Batting: RHB Wallace Greene
|
0-0: Called Strike 0-1: Ball 1-1: Foul Ball, location: 2F 1-2: Strikes out swinging
|
Batting: RHB Júlio López
|
0-0: Called Strike 0-1: Fly out, F4 (Popup, 34D)
|
Top of the 3rd over - 3 run(s), 2 hit(s), 0 error(s), 2 left on base; Santa Fe 9 - Montgomery 0 |
BOTTOM OF THE 3RD |
Montgomery Biscuits batting - Pitching for Santa Fe Diablos : LHP Sean Perry
|
Batting: LHB John Haney
|
0-0: Ball 1-0: Foul Ball, location: 2F 1-1: Ball 2-1: Ball 3-1: Base on Balls
|
Batting: SHB Andrew Curran
|
0-0: Called Strike 0-1: Foul Ball, location: 2F 0-2: Ball 1-2: Strikes out swinging
|
Batting: RHB Pete Smith
|
0-0: Swinging Strike 0-1: Foul Ball, location: 2F 0-2: Foul Ball, location: 2F 0-2: Strikes out swinging
|
Batting: RHB Jean-Paul St-Pierre
|
0-0: Called Strike 0-1: Ball 1-1: Ball 2-1: SINGLE (Groundball, 56) John Haney to second
|
Batting: RHB Dave Dawson
|
0-0: Ball 1-0: Called Strike 1-1: Swinging Strike 1-2: Hit by Pitch John Haney to third Jean-Paul St-Pierre to second
|
Batting: RHB Alan Blair
|
0-0: Fly out, F9 (Line Drive, 9S)
|
Bottom of the 3rd over - 0 run(s), 1 hit(s), 0 error(s), 3 left on base; Santa Fe 9 - Montgomery 0 |
TOP OF THE 4TH |
Santa Fe Diablos batting - Pitching for Montgomery Biscuits : LHP Steve Billington
|
Batting: LHB Roberto Sandoval
|
0-0: SINGLE (Groundball, 34)
|
Batting: RHB Ánibal Gonzáles
|
0-0: Called Strike 0-1: Swinging Strike 0-2: Strikes out swinging
|
Batting: LHB Don Soper
|
0-0: Ball 1-0: Swinging Strike 1-1: Foul Ball, location: 2F 1-2: Strikes out looking
|
Batting: RHB John Dinkins
|
0-0: Ball 1-0: Ball 2-0: Foul Ball, location: 2F 2-1: SINGLE (Groundball, 34D) Roberto Sandoval to second Runner from 2nd tries for 3rd, SAFE, no throw or cutoff
|
Batting: RHB Richard Wilkins
|
0-0: Ground out 1-3 (Groundball, 13S)
|
Top of the 4th over - 0 run(s), 2 hit(s), 0 error(s), 2 left on base; Santa Fe 9 - Montgomery 0 |
BOTTOM OF THE 4TH |
Montgomery Biscuits batting - Pitching for Santa Fe Diablos : LHP Sean Perry
|
Batting: RHB Larry Mitchell
|
0-0: Ball 1-0: Ground out 4-3 (Groundball, 4)
|
Batting: RHB Collin Smith
|
0-0: Ball 1-0: Foul Ball, location: 2F 1-1: DOUBLE (Flyball, 78M)
|
Batting: RHB Gabriel Miranda
|
0-0: Called Strike 0-1: Ball 1-1: Called Strike Collin Smith steals 3rd base 1-2: Foul Ball, location: 2F 1-2: SINGLE (Groundball, 5S) Collin Smith scores
|
Batting: LHB John Haney
|
0-0: Ball 1-0: Swinging Strike 1-1: Ball 2-1: Called Strike 2-2: Strikes out swinging
|
Batting: SHB Andrew Curran
|
0-0: Ground out 5-3 (Groundball, 5L)
|
Bottom of the 4th over - 1 run(s), 2 hit(s), 0 error(s), 1 left on base; Santa Fe 9 - Montgomery 1 |
TOP OF THE 5TH |
Santa Fe Diablos batting - Pitching for Montgomery Biscuits : LHP Steve Billington
|
Batting: SHB António Hernández
|
0-0: Ball 1-0: Called Strike 1-1: Foul Ball, location: 2F 1-2: Ground out 5-3 (Groundball, 56S)
|
Batting: RHB Robinson Pacheco
|
0-0: Ball 1-0: Ball 2-0: Called Strike 2-1: Called Strike 2-2: Strikes out looking
|
Batting: RHB Wallace Greene
|
0-0: Ground out 5-3 (Groundball, 56)
|
Top of the 5th over - 0 run(s), 0 hit(s), 0 error(s), 0 left on base; Santa Fe 9 - Montgomery 1 |
BOTTOM OF THE 5TH |
Montgomery Biscuits batting - Pitching for Santa Fe Diablos : LHP Sean Perry
|
Batting: RHB Pete Smith
|
0-0: Ball 1-0: Ground out 3-1 (Groundball, 34S)
|
Batting: RHB Jean-Paul St-Pierre
|
0-0: Ball 1-0: Ball 2-0: Ball 3-0: Base on Balls
|
Batting: RHB Dave Dawson
|
0-0: Ball Jean-Paul St-Pierre steals 2nd base 1-0: Foul Ball, location: 2F 1-1: Foul Ball, location: 2F 1-2: Foul Ball, location: 2F 1-2: Strikes out swinging
|
Batting: RHB Alan Blair
|
0-0: Ball 1-0: Ball 2-0: Foul Ball, location: 2F 2-1: Ground out 4-3 (Groundball, 4M)
|
Bottom of the 5th over - 0 run(s), 0 hit(s), 0 error(s), 1 left on base; Santa Fe 9 - Montgomery 1 |
TOP OF THE 6TH |
Santa Fe Diablos batting - Pitching for Montgomery Biscuits : LHP Steve Billington
|
Batting: RHB Júlio López
|
0-0: Ball 1-0: Swinging Strike 1-1: Foul Ball, location: 2F 1-2: Ball 2-2: SINGLE (Groundball, 6D)
|
Batting: LHB Roberto Sandoval
|
0-0: Ball 1-0: Swinging Strike 1-1: Foul Ball, location: 2F 1-2: Ball 2-2: Fly out, F8 (Flyball, 8RM)
|
Pitching: RHP Ángel Ávila
|
|
Batting: RHB Ánibal Gonzáles
|
0-0: Called Strike 0-1: Ball 1-1: Ball 2-1: Foul Ball, location: 2F 2-2: Ball 3-2: Foul Ball, location: 2F 3-2: 2-RUN HOME RUN (Flyball, 78XD), Distance : 415 ft
|
Batting: LHB Don Soper
|
0-0: Swinging Strike 0-1: Foul Ball, location: 2F 0-2: Strikes out swinging
|
Batting: RHB John Dinkins
|
0-0: Ball 1-0: Foul Ball, location: 2F 1-1: SINGLE (Line Drive, 6MD)
|
Batting: RHB Richard Wilkins
|
0-0: Called Strike 0-1: Ball 1-1: Called Strike 1-2: Foul Ball, location: 2F 1-2: Ground out 6-3 (Groundball, 6S)
|
Top of the 6th over - 2 run(s), 3 hit(s), 0 error(s), 1 left on base; Santa Fe 11 - Montgomery 1 |
BOTTOM OF THE 6TH |
Montgomery Biscuits batting - Pitching for Santa Fe Diablos : LHP Sean Perry
|
Batting: RHB Larry Mitchell
|
0-0: Called Strike 0-1: Ground out 1-3 (Groundball, 13)
|
Pinch Hitting: RHB Juan Díaz
|
0-0: Ball 1-0: Ball 2-0: Ball 3-0: Called Strike 3-1: Foul Ball, location: 2F 3-2: Strikes out swinging
|
Batting: RHB Gabriel Miranda
|
0-0: Called Strike 0-1: Ball 1-1: Ball 2-1: Ground out 1-3 (Groundball, 13S)
|
Bottom of the 6th over - 0 run(s), 0 hit(s), 0 error(s), 0 left on base; Santa Fe 11 - Montgomery 1 |
TOP OF THE 7TH |
Santa Fe Diablos batting - Pitching for Montgomery Biscuits : RHP Ángel Ávila
|
Now in LF: Juan Díaz
|
|
Batting: SHB António Hernández
|
0-0: Ball 1-0: Ball 2-0: Ball 3-0: Called Strike 3-1: Called Strike 3-2: Base on Balls
|
Pinch Hitting: RHB Ray Davis
|
0-0: Ball 1-0: Ground out 5-3 (Groundball, 5S) António Hernández to second
|
Batting: RHB Wallace Greene
|
0-0: Fly out, F7 (Line Drive, 7LM)
|
Batting: RHB Júlio López
|
0-0: Foul Ball, location: 2F 0-1: Swinging Strike 0-2: Strikes out swinging
|
Top of the 7th over - 0 run(s), 0 hit(s), 0 error(s), 1 left on base; Santa Fe 11 - Montgomery 1 |
BOTTOM OF THE 7TH |
Montgomery Biscuits batting - Pitching for Santa Fe Diablos : LHP Sean Perry
|
Pitching: RHP Gerard Allen
|
|
Now at 3B: Ray Davis
|
|
Batting: LHB John Haney
|
0-0: Called Strike 0-1: Ball 1-1: Foul Ball, location: 2F 1-2: Foul Ball, location: 2F 1-2: Strikes out swinging
|
Batting: SHB Andrew Curran
|
0-0: Ball 1-0: Ground out U3 (Groundball, 3S)
|
Batting: RHB Pete Smith
|
0-0: Called Strike 0-1: Called Strike 0-2: Ball 1-2: Strikes out swinging
|
Bottom of the 7th over - 0 run(s), 0 hit(s), 0 error(s), 0 left on base; Santa Fe 11 - Montgomery 1 |
TOP OF THE 8TH |
Santa Fe Diablos batting - Pitching for Montgomery Biscuits : RHP Ángel Ávila
|
Batting: LHB Roberto Sandoval
|
0-0: Ball 1-0: Fly out, F5 (Popup, 5S)
|
Pitching: LHP Tony García
|
|
Batting: RHB Ánibal Gonzáles
|
0-0: Ball 1-0: Foul Ball, location: 2F 1-1: Ball 2-1: Ball 3-1: Foul Ball, location: 2F 3-2: Strikes out swinging
|
Batting: LHB Don Soper
|
0-0: Ball 1-0: Foul Ball, location: 2F 1-1: Ball 2-1: Foul Ball, location: 2F 2-2: Ball 3-2: Base on Balls
|
Batting: RHB John Dinkins
|
0-0: Ball 1-0: Foul Ball, location: 2F 1-1: Ball 2-1: Ball 3-1: Base on Balls Don Soper to second
|
Batting: RHB Richard Wilkins
|
0-0: Ball 1-0: Foul Ball, location: 2F 1-1: Foul Ball, location: 2F 1-2: Ball 2-2: Strikes out looking
|
Top of the 8th over - 0 run(s), 0 hit(s), 0 error(s), 2 left on base; Santa Fe 11 - Montgomery 1 |
BOTTOM OF THE 8TH |
Montgomery Biscuits batting - Pitching for Santa Fe Diablos : RHP Gerard Allen
|
Now in RF: Keith Jones
|
|
Batting: RHB Jean-Paul St-Pierre
|
0-0: Ball 1-0: Foul Ball, location: 2F 1-1: Ball 2-1: SINGLE (Groundball, 25) (infield hit)
|
Batting: RHB Dave Dawson
|
0-0: Called Strike 0-1: Swinging Strike 0-2: Ball 1-2: Grounds into double play, 6-4-3 (Groundball, 6)
|
Batting: RHB Alan Blair
|
0-0: Ball 1-0: Ball 2-0: Ball 3-0: Base on Balls
|
Batting: RHB Larry Mitchell
|
0-0: Ball 1-0: Called Strike 1-1: Ball 2-1: DOUBLE (Flyball, 78XD) Alan Blair to third Runner from 3rd tries for Home, SAFE, throw made home
|
Batting: RHB Juan Díaz
|
0-0: Fly out, F9 (Popup, 89S)
|
Bottom of the 8th over - 1 run(s), 2 hit(s), 0 error(s), 1 left on base; Santa Fe 11 - Montgomery 2 |
TOP OF THE 9TH |
Santa Fe Diablos batting - Pitching for Montgomery Biscuits : LHP Tony García
|
Batting: SHB António Hernández
|
0-0: Swinging Strike 0-1: Ground out 4-3 (Groundball, 34)
|
Batting: RHB Ray Davis
|
0-0: Ball 1-0: Called Strike 1-1: Fly out, F8 (Flyball, 8RM)
|
Batting: RHB Wallace Greene
|
0-0: Ground out 4-3 (Groundball, 4)
|
Top of the 9th over - 0 run(s), 0 hit(s), 0 error(s), 0 left on base; Santa Fe 11 - Montgomery 2 |
BOTTOM OF THE 9TH |
Montgomery Biscuits batting - Pitching for Santa Fe Diablos : RHP Gerard Allen
|
Now at C: Michael Anderson
|
|
Now at 3B: Joe Haley
|
|
Now at SS: Jorge Rodríguez
|
|
Batting: RHB Gabriel Miranda
|
0-0: Ball 1-0: Ball 2-0: Foul Ball, location: 2F 2-1: Ball 3-1: Fly out, F9 (Flyball, 9S)
|
Batting: LHB John Haney
|
0-0: Foul Ball, location: 2F 0-1: Ball 1-1: Foul Ball, location: 2F 1-2: Strikes out swinging
|
Batting: SHB Andrew Curran
|
0-0: Swinging Strike 0-1: Ball 1-1: Ball 2-1: Foul Ball, location: 2F 2-2: Ground out 4-3 (Groundball, 4)
|
Bottom of the 9th over - 0 run(s), 0 hit(s), 0 error(s), 0 left on base; Santa Fe 11 - Montgomery 2 |
|